 Dungeon Crawl Stone Soup version 0.26.0-8-g74fc34ddfb (webtiles) character file.

Game seed: 14850977798814638163

753 Froggeryz the Basher (level 7, -11/41 HPs)
             Began as a Gargoyle Fighter on Jan 12, 2021.
             Mangled by an ogre
             ... wielding a +0 giant club
              (20 damage)
             ... on level 3 of the Dungeon.
             The game lasted 00:02:56 (2751 turns).

Froggeryz the Basher (Gargoyle Fighter)             Turns: 2751, Time: 00:02:57

Health: -11/41     AC: 12    Str: 21    XL:     7   Next: 78%
Magic:  7/7        EV: 22    Int:  9    God:
Gold:   133        SH:  9    Dex:  9    Spells: 6/6 levels left

rFire    . . .     SeeInvis .   a - +0 flail
rCold    . . .     Faith    .   c - +0 kite shield
rNeg     + . .     Spirit   .   b - +0 scale mail
rPois    ∞         Reflect  .   l - +0 helmet
rElec    +         Harm     .   (no cloak)
rCorr    .         Rampage  .   (no gloves)
Will     .....                  (no boots)
Stlth    ..........             p - amulet of the acrobat
HPRegen  0.13/turn              (no ring)
MPRegen  0.10/turn              (no ring)

@: acrobat
A: negative energy resistance 1, electricity resistance, unbreathing,
petrification resistance, miasma immunity, AC +4
a: no special abilities


You were on level 3 of the Dungeon.
You visited 1 branch of the dungeon, and saw 3 of its levels.

You collected 133 gold pieces.

Inventory:

Hand Weapons
 a - a +0 flail (weapon)
Missiles
 n - 15 poisoned darts (quivered)
Armour
 b - a +0 scale mail (worn)
 c - a +0 kite shield (worn)
 l - a +0 helmet (worn)
Jewellery
 p - an amulet of the acrobat (around neck)
Scrolls
 e - a scroll of blinking {unknown}
 g - 5 scrolls of identify {unknown}
 h - a scroll of teleportation {unknown}
 m - 4 scrolls of magic mapping {unknown}
 q - a scroll of fear {unknown}
 r - 2 scrolls of enchant armour {unknown}
 t - a scroll of amnesia {unknown}
Potions
 d - a potion of degeneration {unknown}
 f - a potion of ambrosia {unknown}
 i - a potion of brilliance {unknown}
 j - a potion of resistance {unknown}
 k - 3 potions of curing
 s - a potion of flight {unknown}


   Skills:
 - Level 3.2 Fighting
 * Level 8.6 Maces & Flails
 - Level 3.2 Armour
 - Level 3.2 Shields


You had 6 spell levels left.
You didn't know any spells.
Your spell library was empty.

Dungeon Overview and Level Annotations

Branches:
Dungeon (3/15)

Altars:
Nemelex Xobeh
Trog
The Shining One


Innate Abilities, Weirdness & Mutations

You are resistant to torment.
Your stone body is resilient. (AC +4)
You are immune to poison.
You resist negative energy. (rN+)
You are resistant to electric shocks. (rElec)
You can survive without breathing.
You are immune to petrification.
You are immune to miasma.


Message History

* * * LOW HITPOINT WARNING * * *
You are too injured to fight recklessly!
You are too injured to fight recklessly!
You are too injured to fight recklessly!
You are too injured to fight recklessly!
You are too injured to fight recklessly!
You are too injured to fight recklessly!
You are too injured to fight recklessly!
You are too injured to fight recklessly!
You are too injured to fight recklessly!
You are too injured to fight recklessly!
You are too injured to fight recklessly!
You are too injured to fight recklessly!
You are too injured to fight recklessly!
You are too injured to fight recklessly!
You are too injured to fight recklessly!
You are too injured to fight recklessly!
Okay, then.
The ogre hits you with a +0 giant club!!
You die...

#.# #.# #[# #.# .# #.#
#.# #.# #.# #.#
#.########.. #(# #.#
#.##....g.g. #)# #.#
#.##g#####.. #######(#
#.# #.##.# ........#
#.#########.##.#
.....####
#....@Og.g.g##.#####.
####.#
#.#########.g.........
####.#
#..............#####..
.....#
#.#########.####
###..# #.# #######.#
#..#######.###.......#
#..............#######
################


You could see an ogre and 4 goblins.

Vanquished Creatures
  A two-headed ogre (D:3)
  Jessica (D:2)
  An adder (D:2)
  2 worms (D:2)
  2 dart slugs (D:1)
  3 leopard geckos
  2 orcs (D:3)
  A ball python (D:1)
  4 bats (D:2)
  4 giant cockroaches
  8 goblins
  2 hobgoblins
  5 jackals
  11 kobolds
  2 quokkas
  6 frilled lizards
  7 rats
62 creatures vanquished.

Vanquished Creatures (others)
  4 plants (D:1)
4 creatures vanquished.

Grand Total: 66 creatures vanquished

Notes
Turn   | Place    | Note
-------+----------+-------------------------------------------
     0 | D:1      | Froggeryz the Gargoyle Fighter began the quest for the Orb.
     0 | D:1      | Reached XP level 1. HP: 14/14 MP: 1/1
   157 | D:1      | Reached XP level 2. HP: 19/19 MP: 2/2
   214 | D:1      | Reached skill level 3 in Maces & Flails
   347 | D:1      | Reached XP level 3. HP: 10/23 MP: 3/3
  1245 | D:2      | Found a sparkling altar of Nemelex Xobeh.
  1333 | D:2      | Found a bloodstained altar of Trog.
  1729 | D:2      | Reached skill level 4 in Maces & Flails
  1825 | D:2      | Noticed Jessica
  1836 | D:2      | Killed Jessica
  1837 | D:2      | Reached XP level 4. HP: 28/28 MP: 4/4
  1981 | D:2      | Found a glowing golden altar of the Shining One.
  2443 | D:3      | Noticed a two-headed ogre
  2471 | D:3      | Killed a two-headed ogre
  2472 | D:3      | Reached skill level 8 in Maces & Flails
  2472 | D:3      | Reached XP level 5. HP: 11/32 MP: 5/5
  2472 | D:3      | Reached XP level 6. HP: 13/37 MP: 6/6
  2472 | D:3      | Reached XP level 7. HP: 14/41 MP: 7/7
  2751 | D:3      | Mangled by an ogre

Illustrated notes

Levels and vault maps discovered:
D:1:      roderic_crop_circles_arrival_large, layout_loops_ring,
          lexackson_kobold_supper
D:2:      layout_loops_ring, nemelex_xobeh_ov_fountains_minmay,
          nicolae_tso_carved_into_rock, serial_glass, glass_columns_a,
          glass_columns_b, glass_columns_a, glass_columns_b, trog_hazing_becter,
          uniq_jessica
D:3:      layout_loops_ring, okawaru_metal_pillars_3, uniq_robin, uniq_grinder

Skill      XL: |  1  2  3  4 |
---------------+-------------+-----
Maces & Flails | 3 4 8 |  8.6
Fighting       | |  3.2
Armour         | |  3.2
Shields        | |  3.2

Action                   |  1- 3 |  4- 6 |  7- 9 || total
-------------------------+-------+-------+-------++-------
Melee: Flail             |   170 |    64 |    31 ||   265
Throw: Dart              |       |     2 |       ||     2
       Throwing net      |       |     1 |       ||     1
  Use: Potion            |       |     1 |       ||     1
 Stab: Held in net/web   |       |     1 |       ||     1
Armor: Scale mail        |   132 |    17 |    11 ||   160
Dodge: Dodged            |    83 |    16 |     5 ||   104
Block: Kite shield       |   116 |    30 |     7 ||   153
